 Dungeon Crawl Stone Soup version 0.17.1-3-g152610e (webtiles) character file.

3486 kaze the Blocker (level 10, -15/68 HPs)
             Began as a Hill Orc Fighter on Apr 13, 2016.
             Was an Initiate of Gozag.
             Demolished by Grum
             ... wielding a +1 glaive
              (22 damage)
             ... on level 8 of the Dungeon.
             The game lasted 00:16:19 (6377 turns).

kaze the Blocker (Hill Orc Fighter)                 Turns: 6377, Time: 00:16:19

Health: -15/68     AC: 15    Str: 23    XL:     10   Next: 7%
Magic:  10/10      EV: 12    Int:  8    God:    Gozag
Gold:   584        SH: 11    Dex: 12    Spells: 0 memorised, 9 levels left

rFire  . . .     SeeInvis .     a - +2 war axe
rCold  . . .     Clarity  +     e - +0 plate armour
rNeg   . . .     SustAt   .     c - +0 shield
rPois  +         Gourm    +     E - +0 helmet
rElec  .         Spirit   .     (no cloak)
rCorr  .         Warding  .     (no gloves)
rMut   .         Rnd*Tele +     j - +0 pair of boots
MR     +....                    T - amulet of the gourmand
Stlth  ..........               O - ring of poison resistance
                                g - +5 ring of evasion

@: somewhat resistant to hostile enchantments, extremely unstealthy
A: agile 1, clarity, frail 2, magic resistance 1, teleportitis 1, no device heal
1, MP-powered wands
a: Potion Petition, Call Merchant, Bribe Branch, Renounce Religion


You were on level 8 of the Dungeon.
You worshipped Gozag.
Gozag was noncommittal.
You were very full.

You visited 1 branch of the dungeon, and saw 8 of its levels.

You collected 966 gold pieces.
You paid 382 gold pieces to Gozag.

Inventory:

Hand Weapons
 a - a +2 war axe (weapon)
 b - the +1 hunting sling "Tosauqut" {freeze, *Contam rPois Int+4 SInv}
   (You found it on level 4 of the Dungeon)

   It causes projectiles fired from it to freeze those they strike, causing
   extra injury to most foes and up to half again as much damage against
   particularly susceptible opponents.
   They can also slow down cold-blooded creatures.
   It affects your intelligence (+4).
   It protects you from poison.
   It lets you see invisible.
   It causes magical contamination when unequipped.
 q - a +1 mace
Missiles
 p - 3 tomahawks (quivered)
 J - 3 javelins
 P - 30 sling bullets
Armour
 c - a +0 shield (worn)
 e - a +0 plate armour (worn)
 j - a +0 pair of boots (worn)
 E - a +0 helmet (worn)
Jewellery
 g - a +5 ring of evasion (left hand)
 K - an uncursed ring of positive energy
 O - a ring of poison resistance (right hand)
 T - an amulet of the gourmand (around neck)
Wands
 N - a wand of fire (8)
Scrolls
 d - 2 scrolls of immolation
 i - 5 scrolls of remove curse
 n - 2 scrolls of fear
 s - 4 scrolls of noise
 u - 2 scrolls of teleportation
 w - a scroll of random uselessness {unknown}
 y - 3 scrolls of fog {unknown}
 G - 2 scrolls of magic mapping {unknown}
 S - a scroll of enchant armour {unknown}
Potions
 k - 3 potions of flight
 x - a potion of brilliance
 C - a potion of agility
Comestibles
 h - 2 beef jerkies
 t - 3 meat rations
 D - 3 bread rations


   Skills:
 + Level 7.3 Fighting
 + Level 7.4 Axes
 + Level 5.8 Slings
 + Level 0.3(3.5) Throwing
 + Level 5.9 Armour
 + Level 3.9 Dodging
 + Level 1.8 Stealth
 + Level 8.1 Shields


You had 9 spell levels left.
You didn't know any spells.

Dungeon Overview and Level Annotations

Branches:
Dungeon (8/15)             Temple (0/1) D:7
   Lair: D:8-11

Altars:
Cheibriados
Gozag
Makhleb
Nemelex Xobeh
Sif Muna
Trog
The Shining One

Shops:
D:4 *

Annotations:
D:8 Grum


Innate Abilities, Weirdness & Mutations

You are agile. (Dex +2)
You possess an exceptional clarity of mind.
You are very frail (-20% HP).
You are resistant to hostile enchantments.
You are occasionally teleported next to monsters.
Potions and wands are less effective at restoring your health.
You expend magic power (3 MP) to strengthen your wands.


Message History

The wolf is heavily wounded.
You feel a little less agile now. You block the wolf's attack.
You block Grum's attack. The wolf barely misses you.
You miss the wolf.
The wolf is heavily wounded.
You block the wolf's attack.
Grum hits you from afar with an enchanted glaive!
* * * LOW HITPOINT WARNING * * *
The wolf bites you but does no damage.
You hit the wolf.
The wolf is severely wounded.
The wolf bites you but does no damage. You block Grum's attack.
You block the wolf's attack.
You hit the wolf but do no damage.
The wolf is severely wounded.
The wolf closely misses you.
Grum hits you from afar with an enchanted glaive!!
You die...
Your body crumbles into a pile of gold.

.......## #.# #..#(#
........###.#####..#.#
...................#.#
.......####......(.#.#
....... ###........#
####.## #.######## #.
#g# # #h# #@# #.#
#######.# ........##
.........########.
########..<.......
###########


You could see Grum and a wolf.

Vanquished Creatures
  Sigmund (D:3)
  A spriggan (D:7)
  A hungry ghost (D:7)
  A hippogriff (D:7)
  Menkaure (D:7)
  2 wolves (D:8)
  The ghost of barb4r1an the Shield-Bearer, an amateur GrFi (D:3)
  A water moccasin (D:5)
  A sky beast (D:7)
  3 centaurs (D:6)
  An ice beast (D:7)
  2 ogres
  2 phantoms
  2 orc warriors (D:7)
  A crocodile (D:7)
  Blork the orc (D:6)
  A giant frog (D:7)
  A gnoll sergeant (D:7)
  2 scorpions (D:7)
  2 orc priests (D:7)
  2 giant frog zombies (D:7)
  2 crimson imps (D:5)
  Ijyb (D:2)
  2 hounds (D:6)
  2 orc wizards
  4 giant frog skeletons
  5 iguanas
  4 worker ants
  A hound skeleton (D:4)
  Robin (D:3)
  6 gnolls
  A shadow imp (D:6)
  11 adders
  An ooze (D:4)
  3 worms
  9 giant geckos
  19 orcs
  7 giant cockroaches
  12 hobgoblins
  14 jackals
  3 quokkas
  8 bats
  3 giant newts
  13 goblins
  11 kobolds
  8 rats
181 creatures vanquished.

Notes
Turn   | Place    | Note
--------------------------------------------------------------
     0 | D:1      | kaze the Hill Orc Fighter began the quest for the Orb.
     0 | D:1      | Reached XP level 1. HP: 19/19 MP: 1/1
   130 | D:1      | Reached skill level 4 in Fighting
   130 | D:1      | Reached XP level 2. HP: 27/27 MP: 2/2
   319 | D:1      | Reached XP level 3. HP: 33/33 MP: 3/3
   948 | D:2      | Noticed Ijyb
   972 | D:2      | Killed Ijyb
   972 | D:2      | Reached skill level 1 in Dodging
   972 | D:2      | Reached XP level 4. HP: 38/40 MP: 4/4
  1471 | D:3      | Noticed barb4r1an's ghost (amateur GrFi)
  1475 | D:3      | Noticed Robin
  1484 | D:3      | Killed barb4r1an's ghost
  1484 | D:3      | Reached XP level 5. HP: 28/47 MP: 5/5
  1485 | D:3      | Reached XP level 6. HP: 33/55 MP: 6/6
  1497 | D:3      | Killed Robin
  1527 | D:3      | Found a snail-covered altar of Cheibriados.
  1655 | D:3      | Noticed Sigmund
  1663 | D:3      | Killed Sigmund
  1663 | D:3      | Reached skill level 5 in Fighting
  1663 | D:3      | Reached skill level 5 in Axes
  2006 | D:3      | Reached XP level 7. HP: 61/61 MP: 7/7
  2027 | D:3      | Reached skill level 5 in Shields
  2382 | D:4      | Got an ancient hunting sling
  2715 | D:4      | Found Lissuh's Luxury Loot.
  2910 | D:4      | Found an opulent altar of Gozag.
  2920 | D:4      | Became a worshipper of Gozag Ym Sagoz the Greedy
  3020 | D:5      | Entered Level 5 of the Dungeon
  3090 | D:5      | Found a bloodstained altar of Trog.
  3302 | D:5      | Identified the +1 hunting sling "Tosauqut" {freeze, *Contam rPois Int+4 SInv} (You found it on level 4 of the Dungeon)
  3313 | D:5      | Gained mutation: You are frail (-10% HP). [mutagenic glow]
  3511 | D:5      | Reached skill level 6 in Fighting
  3511 | D:5      | Reached skill level 5 in Armour
  3599 | D:5      | Reached XP level 8. HP: 63/63 MP: 8/8
  3646 | D:5      | Reached skill level 1 in Slings
  4086 | D:6      | Found a burning altar of Makhleb.
  4202 | D:6      | Noticed Blork the orc
  4213 | D:6      | Killed Blork the orc
  4468 | D:6      | Found a deep blue altar of Sif Muna.
  4544 | D:7      | Reached XP level 9. HP: 67/67 MP: 9/9
  4549 | D:7      | Found a staircase to the Ecumenical Temple.
  4575 | D:7      | Reached skill level 5 in Slings
  4592 | D:7      | Gained mutation: You expend magic power (3 MP) to strengthen your wands. [mutagenic glow]
  4648 | D:7      | Gained mutation: You are occasionally teleported next to monsters. [mutagenic glow]
  4657 | D:7      | Found a sparkling altar of Nemelex Xobeh.
  4764 | D:7      | Gained mutation: Potions and wands are less effective at restoring your health. [potion of mutation]
  4764 | D:7      | Gained mutation: You are resistant to hostile enchantments. [potion of mutation]
  4764 | D:7      | Gained mutation: You possess an exceptional clarity of mind. [potion of mutation]
  4796 | D:7      | Gained mutation: You are very frail (-20% HP). [potion of mutation]
  4809 | D:7      | Gained mutation: You are agile. (Dex +2) [potion of beneficial mutation]
  5355 | D:7      | Reached skill level 7 in Shields
  5524 | D:7      | Found a glowing golden altar of the Shining One.
  5546 | D:7      | Noticed Menkaure
  5555 | D:7      | Killed Menkaure
  5555 | D:7      | Reached skill level 1 in Stealth
  5964 | D:7      | Reached skill level 8 in Shields
  6314 | D:8      | Noticed Grum
  6348 | D:8      | Reached XP level 10. HP: 12/68 MP: 10/10
  6377 | D:8      | Demolished by Grum

Action                   |  1- 3 |  4- 6 |  7- 9 | 10-12 || total
-------------------------+-------+-------+-------+-------++-------
Melee: War axe           |   118 |   122 |   337 |    12 ||   589
 Fire: Hunting sling     |       |       |   168 |       ||   168
Throw: Tomahawk          |       |       |     5 |       ||     5
       Javelin           |       |       |     2 |       ||     2
Invok: Potion Petition   |       |       |     2 |       ||     2
  Use: Scroll            |     4 |     2 |     5 |       ||    11
       Potion            |       |     2 |    19 |     1 ||    22
 Stab: Invisible         |       |       |     4 |       ||     4
       Distracted        |       |       |     3 |       ||     3
  Eat: Bread ration      |       |     1 |     4 |       ||     5
       Chunk             |       |     1 |       |       ||     1
       Meat ration       |       |       |     2 |       ||     2
       Pizza             |       |       |     1 |       ||     1
       Beef jerky        |       |       |     1 |       ||     1
